AoeStats
← DKing

Pilgrims

509474880Analyzed
4v4 RM · 6d ago on Sep 26, 2026· 37m 8s· 8 players
Game mode
Random Map
Map size
Large (8 player)
Population
200
Speed
Normal
Resources
Standard
Victory
Conquest
Starting age
Dark Age
Ending age
Imperial Age
RankedLock teamsTeams togetherTeam positionsShared explorationLock speedFull tech treeHidden civsTurbo modeCheats
Victory
Defeat
🇦🇷 Khmer · Argentina
1248
+16
🇺🇸 Vietnamese · United States
1244
+16
🇨🇳 Vikings · China
1243
+16
1214
+17
🇵🇹 Italians · Portugal
1253
-17
🇦🇷 Japanese · Argentina
1235
-16
🇺🇦 Portuguese · Ukraine
1235
-16
🇬🇧 Armenians · United Kingdom
1226
-16
TheRazorsEdge
12:16 Feudal Age
13:03 Loom
16:34 Castle Age
15:52 Double-Bit Axe
16:04 Fletching
18:50 Bow Saw
19:32 Stone Mining
20:12 Gold Mining
22:52 Horse Collar
26:12 Scale Mail Armor
34:33 Man-at-Arms
Vilkian
6:23 Loom
10:24 Feudal Age
10:57 Double-Bit Axe
12:44 Fletching
17:28 Wheelbarrow
17:00 Padded Archer Armor
21:19 Castle Age
21:24 Crossbowman
22:00 Bodkin Arrow
23:28 Hand Cart
23:09 Town Watch
27:40 Horse Collar
34:13 Scale Mail Armor
35:13 Chain Mail Armor
35:09 Forging
DKing
5:16 Loom
9:56 Feudal Age
10:28 Double-Bit Axe
11:46 Fishing Lines
16:16 Fletching
18:50 Castle Age
20:07 Bow Saw
19:40 Horse Collar
20:55 Heavy Plow
26:59 Gold Mining
31:04 Imperial Age
33:32 Padded Archer Armor
only_mousee
Perdoname por ser Noob
7:54 Loom
12:11 Feudal Age
12:46 Double-Bit Axe
20:33 Castle Age
28:33 Bow Saw
28:04 Horse Collar
29:37 Fletching
30:42 Wheelbarrow
29:53 Town Watch
30:10 Heavy Plow
34:13 Imperial Age
31:45 Stone Mining
32:51 Town Patrol
33:47 Bodkin Arrow
33:52 Padded Archer Armor
36:12 Bracer
36:27 Leather Archer Armor
37:15 Chemistry
Dreadnaught
10:44 Loom
13:18 Feudal Age
14:08 Double-Bit Axe
17:26 Fletching
17:30 Fishing Lines
19:29 Wheelbarrow
23:13 Castle Age
22:25 Horse Collar
24:16 Gold Mining
24:30 Heavy Plow
24:44 Bow Saw
27:19 Imperial Age
24:56 Bodkin Arrow
25:01 Padded Archer Armor
24:55 Stone Mining
25:31 Ballistics
26:42 Leather Archer Armor
28:19 Bracer
28:49 Ring Archer Armor
30:32 Chemistry
31:35 Stone Shaft Mining
30:34 Elite Rattan Archer
31:43 Paper Money
31:34 Gillnets
33:15 Town Watch
33:47 Hand Cart
Braian
7:44 Loom
12:58 Feudal Age
16:14 Castle Age
16:07 Fishing Lines
17:29 Gillnets
22:07 Scale Barding Armor
26:05 Wheelbarrow
25:21 Double-Bit Axe
25:20 Horse Collar
26:18 Gold Mining
27:41 Chain Barding Armor
27:32 Forging
29:19 Heavy Plow
30:35 Stone Mining
31:28 Gold Shaft Mining
35:03 Imperial Age
33:16 Bloodlines
33:06 Husbandry
35:52 Double Crossbow
37:19 Chemistry
37:02 Conscription
37:45 Plate Barding Armor
37:32 Ballistics
你没事吧
8:56 Loom
11:39 Feudal Age
12:52 Double-Bit Axe
16:33 Castle Age
15:01 Fletching
18:28 Bodkin Arrow
19:58 Gold Mining
25:44 Double-Bit Axe
29:26 Ballistics
30:22 Horse Collar
34:02 Imperial Age
32:13 Padded Archer Armor
35:05 Conscription
37:31 Conscription
Connection lost

Rejoining the realm…

Still unreachable

The connection could not be restored.

Session expired

The server has moved on; the page needs a fresh start.